AoeStats
← douglasvcf9t

Arena

503992181Analyzed
3v3 RM · 1mo ago on Sep 3, 2026· 74m 23s· 6 players
Game mode
Random Map
Map size
Normal (6 player)
Population
200
Speed
Normal
Resources
Standard
Victory
Conquest
Starting age
Dark Age
Ending age
Imperial Age
RankedLock teamsTeams togetherTeam positionsShared explorationLock speedFull tech treeHidden civsTurbo modeCheats
Victory
Defeat
🇨🇳 Persians · China
929
+13
🇨🇳 Teutons · China
785
+20
🇨🇳 Magyars · China
780
+21
🇮🇹 Khitans · Italy
885
-18
🇪🇨 Spanish · Ecuador
869
-18
🇧🇦 Cumans · Bosnia & Herzegovina
865
-18
B1shoP
0:27 Loom
11:48 Feudal Age
12:52 Horse Collar
13:29 Double-Bit Axe
24:50 Castle Age
22:47 Gold Mining
23:22 Forging
23:39 Scale Barding Armor
24:26 Bloodlines
25:17 Wheelbarrow
26:11 Capped Ram
27:55 Iron Casting
28:01 Heavy Plow
28:27 Bow Saw
31:49 Chain Barding Armor
35:16 Hand Cart
35:41 Gold Shaft Mining
34:57 Stone Mining
35:27 Steppe Husbandry
35:24 Fletching
36:13 Ballistics
35:49 Murder Holes
39:28 Imperial Age
39:31 Scale Mail Armor
38:54 Pikeman
39:35 Squires
39:20 Arson
41:11 Blast Furnace
40:47 Plate Barding Armor
40:29 Chain Mail Armor
40:58 Crop Rotation
41:58 Elite Steppe Lancer
42:28 Halberdier
44:29 Chemistry
50:17 Plate Mail Armor
49:45 Bodkin Arrow
51:18 Conscription
51:16 Masonry
52:03 Elite Kipchak
52:47 Padded Archer Armor
53:58 Two-Man Saw
55:47 Leather Archer Armor
60:05 Ring Archer Armor
60:46 Parthian Tactics
60:27 Thumb Ring
68:54 Light Cavalry
eugenioragni1
10:33 Feudal Age
13:29 Wheelbarrow
16:58 Castle Age
16:05 Domestication
16:15 Double-Bit Axe
21:28 Stone Mining
24:22 Bow Saw
24:16 Pastoralism
26:35 Caravan
27:06 Hand Cart
27:33 Gold Mining
28:45 Stone Shaft Mining
32:37 Imperial Age
30:35 Forging
30:26 Scale Mail Armor
30:17 Fletching
32:29 Iron Casting
32:19 Chain Mail Armor
32:17 Lamellar Armor
34:45 Elite Fire Lancer
36:36 Heavy Camel Rider
38:00 Scale Barding Armor
38:06 Ordo Cavalry
38:13 Elite Skirmisher
40:16 Chain Barding Armor
39:55 Bodkin Arrow
44:54 Plate Barding Armor
46:02 Elite Steppe Lancer
douglasvcf9t
11:39 Feudal Age
18:24 Castle Age
19:51 Double-Bit Axe
20:06 Gold Mining
22:21 Stone Mining
27:55 Horse Collar
28:50 Fervor
30:25 Wheelbarrow
30:16 Inquisition
30:53 Bow Saw
31:11 Heavy Plow
31:31 Hand Cart
32:17 Ballistics
32:49 Sanctity
33:27 Fortified Wall
36:10 Imperial Age
33:28 Town Watch
37:21 Block Printing
37:39 Illumination
38:46 Conscription
39:43 Two-Man Saw
39:39 Scale Barding Armor
39:25 Fletching
39:59 Forging
39:40 Fletching
41:01 Chemistry
41:18 Hoardings
42:04 Husbandry
42:41 Iron Casting
42:27 Chain Barding Armor
42:03 Bodkin Arrow
43:26 Bloodlines
43:44 Town Patrol
43:35 Loom
47:17 Elite Conquistador
49:01 Blast Furnace
49:49 Plate Barding Armor
53:50 Onager
中国人万岁
10:22 Feudal Age
10:51 Horse Collar
10:58 Double-Bit Axe
18:26 Castle Age
16:27 Stone Mining
16:29 Gold Mining
20:38 Bow Saw
21:04 Loom
21:55 Wheelbarrow
21:42 Heavy Plow
29:35 Imperial Age
28:57 Kamandaran
30:01 Bloodlines
29:52 Husbandry
30:38 Conscription
31:03 Ballistics
31:03 Hand Cart
30:38 Town Watch
31:40 Crop Rotation
32:01 Masonry
31:25 Crossbowman
32:37 Thumb Ring
33:50 Chemistry
33:40 Forging
33:35 Scale Barding Armor
33:22 Fletching
34:25 Elite War Elephant
36:59 Iron Casting
37:48 Bodkin Arrow
38:54 Blast Furnace
38:15 Chain Barding Armor
39:26 Padded Archer Armor
40:02 Architecture
41:27 Devotion
43:25 Plate Barding Armor
43:06 Leather Archer Armor
44:18 Murder Holes
48:50 Citadels
49:02 Town Patrol
50:15 Two-Man Saw
53:04 Ring Archer Armor
57:43 Faith
71:09 Spies/Treason
72:42 Cavalier
73:53 Savar
李世民
11:03 Feudal Age
16:42 Castle Age
15:10 Horse Collar
16:30 Double-Bit Axe
17:52 Bow Saw
23:30 Heavy Plow
27:59 Wheelbarrow
27:34 Town Watch
27:50 Gold Mining
27:50 Stone Mining
29:04 Hand Cart
29:37 Loom
29:53 Town Patrol
30:20 Caravan
31:18 Stone Shaft Mining
33:43 Imperial Age
32:51 Ironclad
33:47 Forging
33:42 Scale Barding Armor
33:28 Fletching
33:38 Padded Archer Armor
33:39 Scale Mail Armor
35:30 Two-Man Saw
35:03 Crop Rotation
36:03 Iron Casting
35:49 Chain Barding Armor
35:40 Bodkin Arrow
36:11 Conscription
36:13 Crenellations
38:30 Hoardings
38:18 Chain Mail Armor
38:19 Leather Archer Armor
38:03 Onager
40:25 Chemistry
39:45 Ballistics
39:32 Siege Engineers
39:15 Elite Teutonic Knight
39:28 Pikeman
40:08 Squires
41:04 Bloodlines
40:14 Cavalier
41:57 Blast Furnace
41:27 Plate Mail Armor
41:32 Plate Barding Armor
41:17 Siege Onager
43:00 Ring Archer Armor
44:03 Masonry
44:04 Fortified Wall
43:41 Arrowslits
43:46 Guard Tower
44:17 Bombard Tower
48:26 Keep
47:59 Paladin
62:44 Fervor
73:52 Spies/Treason
菜鸟驿站
11:39 Feudal Age
17:17 Castle Age
20:18 Corvinian Army
20:31 Double-Bit Axe
23:38 Bow Saw
28:14 Horse Collar
32:00 Masonry
31:47 Murder Holes
32:13 Ballistics
32:09 Scale Barding Armor
32:41 Heavy Plow
34:01 Loom
34:55 Wheelbarrow
38:11 Imperial Age
36:35 Chain Barding Armor
36:06 Fletching
38:24 Elite Magyar Huszar
39:17 Thumb Ring
41:34 Parthian Tactics
41:39 Padded Archer Armor
41:34 Bodkin Arrow
42:16 Plate Barding Armor
42:03 Recurve Bow
42:25 Conscription
43:26 Leather Archer Armor
43:12 Bracer
44:23 Heavy Cavalry Archer
50:14 Ring Archer Armor
49:53 Siege Engineers
53:14 Caravan
54:17 Hoardings
55:08 Chemistry
63:21 Hand Cart
62:51 Town Watch
62:53 Treadmill Crane
73:08 Spies/Treason
Connection lost

Rejoining the realm…

Still unreachable

The connection could not be restored.

Session expired

The server has moved on; the page needs a fresh start.